 Dungeon Crawl Stone Soup version 0.21.1-1-g345015fe64 (webtiles) character file.

163 Ivernyr the Charmwright (level 5, 40/43 HPs)
             Began as a Demonspawn Skald on Apr 27, 2018.
             Quit the game on level 2 of the Dungeon.
             The game lasted 00:03:05 (1120 turns).

Ivernyr the Charmwright (Demonspawn Skald)          Turns: 1120, Time: 00:03:06

Health: 40/43      AC:  5    Str: 18    XL:     5   Next: 20%
Magic:  2/8        EV: 12    Int: 25    God:
Gold:   42         SH:  0    Dex: 13    Spells: 7/8 levels left

rFire    . . .     SeeInvis .   a - +0 falchion
rCold    . . .     Gourm    .   (no shield)
rNeg     . . .     Faith    .   b - +0 leather armour
rPois    .         Spirit   +   (no helmet)
rElec    .         Reflect  .   (no cloak)
rCorr    .         Harm     .   (no gloves)
MR       .....                  (no boots)
Stlth    ++........             (no amulet)
HPRegen  0.14/turn              p - +5 ring of intelligence
MPRegen  0.11/turn              (no ring)

@: mighty, brilliant, infused, hasted, very quick
A: rugged brown scales 2, nightstalker 1, strong 1, wild magic 1, magic shield
a: no special abilities


You were on level 2 of the Dungeon.
You were hungry.

You visited 1 branch of the dungeon, and saw 2 of its levels.

You collected 42 gold pieces.

Inventory:

Hand Weapons
 a - a +0 falchion (weapon)
Armour
 b - a +0 leather armour (worn)
Jewellery
 p - a +5 ring of intelligence (left hand)
Scrolls
 e - a scroll of teleportation {unknown}
 h - a scroll of amnesia {unknown}
 i - a scroll of magic mapping {unknown}
 n - a scroll of identify {unknown}
 o - a scroll of remove curse {unknown}
Books
 c - a book of Battle

   Spells                             Type                      Level
   a - Infusion                       Charms                       1
   b - Shroud of Golubria             Charms/Translocation         2
   c - Song of Slaying                Charms                       2
   d - Spectral Weapon                Hexes/Charms                 3
   e - Regeneration                   Charms/Necromancy            3
Comestibles
 d - 4 rations


   Skills:
 + Level 3.0 Fighting
 + Level 2.6 Long Blades
 * Level 2.9 Armour
 - Level 1.7 Dodging
 - Level 2.0 Spellcasting
 + Level 3.4 Charms


You had 7 spell levels left.
You knew the following spells:

 Your Spells              Type           Power        Failure   Level  Hunger
a - Infusion              Chrm           ####         1%          1    None


Dungeon Overview and Level Annotations

Branches:
Dungeon (2/15)

Altars:


Innate Abilities, Weirdness & Mutations

You are mostly covered in rugged brown scales. (AC +2, +5% HP)
You are slightly more attuned to the shadows.
When hurt, damage is shared between your health and your magic reserves.
Your muscles are strong. (Str +2)
Your spells are a little harder to cast, but a little more powerful.


Message History

You closely miss Sigmund.
Sigmund is severely wounded.
Sigmund barely misses you.
You slash Sigmund!
You kill Sigmund!
You feel your strength returning.
You feel your intelligence returning.
You feel your dexterity returning.
Your life force feels restored.
Your Fighting skill increases to level 3!
Your Armour skill increases to level 2!
Your Charms skill increases to level 3!
You have reached level 3!
Your experience leads to an increase in your attributes!
Your base attributes are Str 11, Int 14, Dex 12.
Increase (S)trength, (I)ntelligence, or (D)exterity?
You feel agile.
Your demonic ancestry asserts itself...
You slip into the darkness of the dungeon.
You have reached level 4!
You feel clever.
Your demonic ancestry asserts itself...
You feel your magical essence form a protective shroud around your flesh.
You have reached level 5!
Are you sure you want to abandon this character and quit the game? (Confirm with "yes".)

# .#
#########.#
##<........#
#........###.
#....@)......
#........####
#####'####
#.# #.# #.#
#.# #+#


There were no monsters in sight!

Vanquished Creatures
  Sigmund (D:2)
  A ball python (D:1)
  A goblin (D:1)
  2 hobgoblins (D:1)
  2 jackals (D:1)
  2 bats (D:1)
  A frilled lizard (D:1)
  4 kobolds (D:1)
  2 rats (D:1)
16 creatures vanquished.

Notes
Turn   | Place    | Note
-------+----------+-------------------------------------------
     0 | D:1      | Ivernyr the Demonspawn Skald began the quest for the Orb.
     0 | D:1      | Reached XP level 1. HP: 16/16 MP: 3/3
    94 | D:1      | Reached skill level 1 in Armour
   476 | D:1      | Gained mutation: You are partially covered in rugged brown scales. (AC +1, +3% HP) [demonic ancestry]
   476 | D:1      | Reached XP level 2. HP: 5/22 MP: 5/5
  1101 | D:2      | Noticed Sigmund
  1111 | D:2      | Gained mutation: Your muscles are strong. (Str +2) [potion of mutation]
  1111 | D:2      | Gained mutation: Your spells are a little harder to cast, but a little more powerful. [potion of mutation]
  1111 | D:2      | Gained mutation: You are mostly covered in rugged brown scales. (AC +2, +5% HP) [potion of mutation]
  1119 | D:2      | Killed Sigmund
  1119 | D:2      | Gained mutation: You are slightly more attuned to the shadows. [demonic ancestry]
  1119 | D:2      | Reached XP level 3. HP: 27/30 MP: 2/6
  1119 | D:2      | Gained mutation: When hurt, damage is shared between your health and your magic reserves. [demonic ancestry]
  1119 | D:2      | Reached XP level 4. HP: 33/36 MP: 2/7
  1119 | D:2      | Reached XP level 5. HP: 39/43 MP: 2/8
  1120 | D:2      | Quit the game

Skill      XL: |  1  2 |
---------------+-------+-----
Armour         | 1 2 |  2.9
Long Blades    | 2 |  2.6
Fighting       | 3 |  3.0
Charms         | 3 |  3.4
Dodging        | |  1.7
Spellcasting   | |  2.0

Action                   |  1- 3 |  4- 6 || total
-------------------------+-------+-------++-------
Melee: Falchion          |    63 |       ||    63
 Cast: Infusion          |     1 |       ||     1
  Use: Potion            |     6 |       ||     6
Armor: Leather armour    |    22 |       ||    22
Dodge: Dodged            |    45 |       ||    45
       Rpst.: Falchion   |    13 |       ||    13
